 Dungeon Crawl Stone Soup version 0.22.0 (webtiles) character file.

4258 Scuka the Carver (level 10, -9/76 HPs)
             Began as a Barachi Monk on Aug 11, 2018.
             Was an Elder of Cheibriados.
             Mangled by a two-headed ogre
             ... wielding a +0 giant club
              (16 damage)
             ... on level 9 of the Dungeon.
             The game lasted 00:19:29 (12142 turns).

Scuka the Carver (Barachi Monk)                    Turns: 12142, Time: 00:19:30

Health: -9/76      AC: 17    Str: 27    XL:     10   Next: 31%
Magic:  12/12      EV: 13    Int: 26    God:    Cheibriados [****..]
Gold:   461        SH:  7    Dex: 24    Spells: 9/9 levels left

rFire    . . .     SeeInvis .   a - +0 falchion
rCold    . . .     Gourm    .   E - +1 buckler {AC+3}
rNeg     . . .     Faith    .   A - +0 chain mail
rPois    +         Spirit   .   y - +1 hat
rElec    .         Reflect  .   N - +0 cloak
rCorr    .         Harm     .   l - +0 pair of gloves
MR       .....                  e - +0 pair of boots (curse)
Stlth    ..........             (no amulet)
HPRegen  0.22/turn              r - +6 ring of intelligence
MPRegen  0.13/turn              C - ring of poison resistance

@: can't hop, drained, very slow
A: +LOS, swims, slowness 1, strong legs 1
a: Hop, Bend Time, Temporal Distortion, Slouch, Renounce Religion


You were on level 9 of the Dungeon.
You worshipped Cheibriados.
Cheibriados was greatly pleased with you.
You were not hungry.

You visited 2 branches of the dungeon, and saw 10 of its levels.

You collected 557 gold pieces.
You spent 96 gold pieces at shops.

Inventory:

Hand Weapons
 a - a +0 falchion (weapon)
Missiles
 d - a javelin
 h - 3 poisoned javelins (quivered)
 z - 3 silver tomahawks
 B - 28 tomahawks
Armour
 e - a cursed +0 pair of boots (worn)
 l - a +0 pair of gloves (worn)
 y - a +1 hat (worn)
 A - a +0 chain mail (worn)
 E - a +1 buckler of protection (worn)
 N - a +0 cloak (worn)
Jewellery
 r - a +6 ring of intelligence (left hand)
 C - a ring of poison resistance (right hand)
Wands
 k - a wand of paralysis (3)
 w - a wand of polymorph (12)
 G - a wand of flame (26)
 J - a wand of iceblast (9)
Scrolls
 b - a scroll of fog {unknown}
 g - 2 scrolls of fear {unknown}
 i - 14 scrolls of identify {unknown}
 m - 2 scrolls of magic mapping {unknown}
 n - 2 scrolls of enchant weapon {unknown}
 s - 4 scrolls of teleportation {unknown}
 t - 4 scrolls of remove curse {unknown}
 F - a scroll of vulnerability {unknown}
 H - 2 scrolls of random uselessness {unknown}
 I - a scroll of immolation {unknown}
 L - 4 scrolls of enchant armour {unknown}
Potions
 f - 3 potions of heal wounds
 j - 4 potions of agility
 o - a potion of magic {unknown}
 p - a potion of invisibility {unknown}
 q - 2 potions of might
 u - 5 potions of curing
 v - 3 potions of flight {unknown}
 x - a potion of degeneration {unknown}
 D - a potion of ambrosia {unknown}
 K - a potion of mutation {unknown}
Comestibles
 c - 21 rations
 M - 4 chunks of flesh


   Skills:
 + Level 6.1(6.0) Fighting
 * Level 13.1 Long Blades
 + Level 3.4 Throwing
 + Level 4.1(4.0) Armour
 + Level 5.7(5.6) Dodging
 - Level 1.7 Stealth
 + Level 3.7 Shields
 * Level 1.3 Invocations
 + Level 3.8(3.7) Evocations


You had 9 spell levels left.
You didn't know any spells.
Your spell library contained the following spells:

 Spells                   Type           Power        Failure   Level  Hunger
 Magic Dart               Conj           #...         61%         1    ##.....
 Apportation              Tloc           #.....       61%         1    ##.....
 Conjure Flame            Conj/Fire      #.......     93%         3    ####...
 Slow                     Hex            #.......     75%         2    ###....
 Mephitic Cloud           Conj/Pois/Air  #.......     93%         3    ####...
 Summon Small Mammal      Summ           #...         61%         1    ##.....
 Blink                    Tloc           N/A          75%         2    ###....
 Iskenderun's Mystic Bla  Conj           #.......     100%        4    #####..
 Animate Skeleton         Necr           N/A          61%         1    ##.....
 Call Imp                 Summ           #.......     75%         2    ###....
 Confusing Touch          Hex            #.....       61%         1    ##.....
 Fulminant Prism          Conj/Hex       #.........   100%        4    #####..
 Dazzling Spray           Conj/Hex       #.....       93%         3    ####...
 Force Lance              Conj/Tloc      #.......     100%        4    #####..
 Searing Ray              Conj           #.....       75%         2    ###....


Dungeon Overview and Level Annotations

Branches:
Dungeon (9/15)             Temple (1/1) D:7            Lair (0/6) D:8
    Orc: D:9-12

Altars:
Ashenzari
Cheibriados
Dithmenos
Elyvilon
Fedhas
Gozag
Hepliaklqana
Kikubaaqudgha
Makhleb
Nemelex Xobeh
Okawaru
Qazlal
Ru
Sif Muna
Trog
Uskayaw
Vehumet
Wu Jian
Xom
Yredelemnul
Zin
The Shining One

Shops:
D:8 !

Annotations:
D:8 1 exclusion


Innate Abilities, Weirdness & Mutations

Shadows flee at your approach. (+LOS)
You can swim through water.
You cover ground slowly.
You can hop short distances.


Message History

The gnoll sergeant hits you but does no damage.
You hit the two-headed ogre.
The two-headed ogre is lightly wounded.
The orc hits you with a club.
The gnoll sergeant hits you from afar with a vampiric spear!
The gnoll hits you from afar with a spear.
Unknown command.
The two-headed ogre hits you with a giant club!!
The two-headed ogre closely misses you.
The two-headed ogre hits you with a giant club!
* * * LOW HITPOINT WARNING * * *
The two-headed ogre hits you but does no damage.
The orc barely misses you.
The two-headed ogre hits you with a giant club!
* * * LOW HITPOINT WARNING * * *
The two-headed ogre barely misses you.
The gnoll sergeant hits you but does no damage.
The orc barely misses you. The gnoll hits you but does no damage.
The two-headed ogre hits you with a giant club!
You die...

#..#
#..#
#....
#gg#
#..#
#..##
#..#
#..#
#..#
#..#
#..#
#..#
#..#
#gg#
#..#
#gg#
#oO#
#.@#
#..#
#.<#
#..#
#..#
#..#
#..#
#..#
#..#


You could see a two-headed ogre, a gnoll sergeant, 3 gnolls and an orc.

Vanquished Creatures
  Maurice (D:8)
  A hippogriff (D:8)
  Sigmund (D:3)
  A human (D:7)
  2 hogs (D:7)
  Eustachio (D:6)
  2 yaks (D:7)
  3 wargs (D:8)
  An ice beast (D:6)
  2 orc warriors (D:8)
  A black bear (D:4)
  A phantom (D:6)
  5 centaurs
  A big kobold (D:7)
  A gnoll sergeant (D:7)
  A wyvern zombie (D:8)
  2 scorpions (D:8)
  A killer bee (D:8)
  4 howler monkeys
  3 wights
  2 crimson imps
  A quasit (D:8)
  2 hounds
  A bullfrog skeleton (D:5)
  A gnoll shaman (D:8)
  4 orc priests
  2 centaur skeletons
  2 iguanas
  3 orc wizards
  2 worker ants
  A worker ant zombie (D:8)
  6 gnolls
  11 adders
  An adder zombie (D:6)
  2 worms
  3 dart slugs
  5 leopard geckos
  40 orcs
  10 bats
  4 giant cockroaches
  13 goblins
  6 hobgoblins
  14 jackals
  8 quokkas
  4 frilled lizards
  13 kobolds
  9 rats
205 creatures vanquished.

Notes
Turn   | Place    | Note
-------+----------+-------------------------------------------
     0 | D:1      | Scuka the Barachi Monk began the quest for the Orb.
     0 | D:1      | Reached XP level 1. HP: 18/18 MP: 1/1
    47 | D:1      | Reached skill level 4 in Long Blades
    47 | D:1      | Reached XP level 2. HP: 25/25 MP: 2/2
   201 | D:1      | Reached XP level 3. HP: 13/30 MP: 3/3
  1537 | D:2      | Reached skill level 5 in Long Blades
  1537 | D:2      | Reached XP level 4. HP: 37/37 MP: 4/4
  2319 | D:3      | Reached skill level 6 in Long Blades
  2346 | D:3      | Reached XP level 5. HP: 42/42 MP: 5/5
  2805 | D:3      | Noticed Sigmund
  2810 | D:3      | Reached skill level 7 in Long Blades
  2841 | D:3      | Killed Sigmund
  2841 | D:3      | Reached skill level 8 in Long Blades
  2841 | D:3      | Reached XP level 6. HP: 36/48 MP: 6/6
  3564 | D:4      | Reached XP level 7. HP: 54/54 MP: 7/7
  3671 | D:4      | Reached skill level 9 in Long Blades
  3846 | D:4      | Found a shattered altar of Ashenzari.
  4338 | D:4      | Found a stormy altar of Qazlal.
  4393 | D:5      | Entered Level 5 of the Dungeon
  4898 | D:5      | Found a sparkling altar of Nemelex Xobeh.
  5034 | D:5      | Reached skill level 10 in Long Blades
  5691 | D:5      | Reached XP level 8. HP: 44/60 MP: 8/8
  5895 | D:6      | Noticed Eustachio
  5971 | D:6      | Killed Eustachio
  5971 | D:6      | Reached skill level 11 in Long Blades
  7320 | D:7      | Found a staircase to the Ecumenical Temple.
  7335 | Temple   | Entered the Ecumenical Temple
  7386 | Temple   | Became a worshipper of Cheibriados the Contemplative
  7386 | Temple   | Reached * piety under Cheibriados
  7386 | Temple   | Reached ** piety under Cheibriados
  7611 | D:7      | Reached skill level 12 in Long Blades
  7867 | D:7      | Found an iron altar of Okawaru.
  7915 | D:7      | Reached skill level 1 in Armour
  7923 | D:8      | Found a staircase to the Lair.
  7932 | D:8      | Reached skill level 1 in Throwing
  7932 | D:8      | Reached skill level 1 in Shields
  7932 | D:8      | Reached skill level 1 in Evocations
  7960 | D:8      | Reached XP level 9. HP: 14/66 MP: 8/10
  8352 | D:8      | Found Disaeti's Distillery.
  8360 | D:8      | Bought a potion of heal wounds for 60 gold pieces
  8360 | D:8      | Bought a potion of curing for 36 gold pieces
  8639 | D:7      | Reached skill level 5 in Fighting
  8963 | D:7      | Reached skill level 5 in Dodging
  9992 | D:8      | Noticed Maurice
 10044 | D:8      | Reached *** piety under Cheibriados
 10213 | D:8      | Killed Maurice
 10213 | D:8      | Reached skill level 13 in Long Blades
 10213 | D:8      | Reached XP level 10. HP: 64/76 MP: 12/12
 11469 | D:9      | Reached **** piety under Cheibriados
 11485 | D:8      | Reached skill level 1 in Invocations
 11767 | D:9      | Noticed a two-headed ogre
 12142 | D:9      | Mangled by a two-headed ogre

Skill      XL: |  1  2  3  4  5  6  7  8  9 10 |
---------------+-------------------------------+-----
Long Blades    | 4 5 6 8 10 12 13 | 13.1
Fighting       | 4 5 6 |  6.1
Dodging        | 4 5 |  5.7
Armour         | 1 3 4 |  4.1
Throwing       | 1 3 |  3.4
Shields        | 1 3 |  3.7
Evocations     | 1 3 |  3.8
Invocations    | 1 |  1.3
Stealth        | |  1.7

Action                   |  1- 3 |  4- 6 |  7- 9 | 10-12 || total
-------------------------+-------+-------+-------+-------++-------
Melee: Falchion          |   121 |   204 |   658 |   170 ||  1153
Throw: Javelin           |       |       |     6 |       ||     6
       Tomahawk          |       |       |     2 |       ||     2
 Abil: Hop               |       |       |     2 |     2 ||     4
Evoke: Wand              |       |       |       |     2 ||     2
  Use: Potion            |       |       |     2 |       ||     2
 Stab: Sleeping          |     3 |     5 |       |       ||     8
  Eat: Chunk             |     3 |     7 |    18 |     3 ||    31
Armor: Robe              |    38 |     6 |       |       ||    44
       Ring mail         |       |    42 |       |       ||    42
       Chain mail        |       |       |   277 |    63 ||   340
Dodge: Dodged            |   120 |   127 |   216 |    86 ||   549
Block: Buckler           |       |       |    74 |    61 ||   135
       Rpst.: Falchion   |    41 |    41 |    68 |    17 ||   167
